AoeStats
← [xCs]PLO_Style

Black Forest

505562170Analyzed
4v4 RM · 21d ago on Sep 10, 2026· 21m 31s· 8 players
Game mode
Random Map
Map size
Large (8 player)
Population
200
Speed
Normal
Resources
Standard
Victory
Conquest
Starting age
Dark Age
Ending age
Imperial Age
RankedLock teamsTeams togetherTeam positionsShared explorationLock speedFull tech treeHidden civsTurbo modeCheats
Victory
Defeat
🇨🇦 Japanese · Canada
1899
+6
🇨🇴 Jurchens · Colombia
1751
+10
🇨🇳 Wei · China
1749
+10
🇨🇦 Vikings · Canada
1724
+11
🇭🇰 Bengalis · Hong Kong SAR China
1709
-11
🇲🇽 Maya · Mexico
1629
-9
🇺🇸 Dravidians · United States
1602
-9
🇨🇳 Bulgarians · China
1569
-8
mentalist_
7:56 Loom
10:09 Feudal Age
14:12 Castle Age
12:20 Double-Bit Axe
13:14 Bloodlines
13:21 Scale Barding Armor
13:31 Horse Collar
15:08 Bow Saw
17:00 Wheelbarrow
爱种田的太奶
6:28 Loom
8:47 Feudal Age
9:24 Man-at-Arms
20:58 Castle Age
18:56 Double-Bit Axe
19:33 Horse Collar
20:43 Fletching
21:46 Bodkin Arrow
Tintin
5:01 Loom
12:41 Feudal Age
14:35 Double-Bit Axe
16:32 Horse Collar
17:27 Fletching
20:44 Castle Age
19:51 Padded Archer Armor
21:26 Bodkin Arrow
20:54 Crossbowman
[xCs]PLO_Style
11:24 Feudal Age
13:00 Double-Bit Axe
15:28 Castle Age
13:25 Horse Collar
16:59 Bow Saw
Ripthepie
4:27 Loom
10:19 Feudal Age
11:53 Double-Bit Axe
11:50 Horse Collar
14:26 Castle Age
12:34 Gold Mining
14:33 Wheelbarrow
15:07 Heavy Plow
15:46 Bow Saw
20:45 Husbandry
SimmaHem7912
0:26 Loom
17:59 Feudal Age
南良千奈
6:48 Loom
8:57 Feudal Age
16:09 Double-Bit Axe
Hui
7:31 Loom
12:36 Feudal Age
13:23 Horse Collar
16:17 Castle Age
15:04 Double-Bit Axe
18:25 Bow Saw
Connection lost

Rejoining the realm…

Still unreachable

The connection could not be restored.

Session expired

The server has moved on; the page needs a fresh start.